 Dungeon Crawl Stone Soup version 0.28-a0-627-g4e9751bbfc (webtiles) character file.

Game seed: 17964625507725192188

117 OfficerJojo the Grave Robber (level 4, -5/30 HPs)
             Began as a Mummy Necromancer on Oct 8, 2021.
             Slain by a gnoll (13 damage)
             ... on level 3 of the Dungeon.
             The game lasted 00:07:26 (4015 turns).

OfficerJojo the Grave Robber (Mummy Necromancer)    Turns: 4015, Time: 00:07:27

Health: -5/30      AC:  2    Str: 11    XL:     4   Next: 71%
Magic:  10/10      EV: 12    Int: 15    God:
Gold:   108        SH:  0    Dex: 12    Spells: 7/12 levels left

rFire   x . .      SeeInvis .   (no weapon)
rCold   + . .      Faith    .   (no shield)
rNeg    + + +      Spirit   .   a - +0 robe
rPois   ∞          Reflect  .   (no helmet)
rElec   .          Harm     .   (no cloak)
rCorr   .          Rampage  .   (no gloves)
Will    .....                   (no boots)
Stlth   ++........              (no amulet)
HPRegen 0.10/turn               (no ring)
MPRegen 0.12/turn               (no ring)

@: no status effects
A: cold resistance 1, negative energy resistance 3, torment resistance 2, heat
vulnerability 1, no potions
a: no special abilities


You were on level 3 of the Dungeon.
You visited 1 branch of the dungeon, and saw 3 of its levels.

You collected 108 gold pieces.

Inventory:

Armour
 a - a +0 robe (worn)
 c - a +2 leather armour of fire resistance
Scrolls
 d - 2 scrolls of fog
 e - a scroll of vulnerability


   Skills:
 - Level 1.5 Dodging
 - Level 1.5 Stealth
 * Level 4.7 Spellcasting
 * Level 5.1 Necromancy


You had 7 spell levels left.
You knew the following spells:

 Your Spells              Type           Power      Damage    Failure   Level
a - Pain                  Necr           76%        1d7       1%          1
b - Animate Skeleton      Necr           38%        N/A       1%          1
c - Vampiric Draining     Necr           9%         2d7       6%          3

Your spell library contained the following spells:

 Spells                   Type           Power      Damage    Failure   Level
 Animate Dead             Necr           9%         N/A       21%         4
 Gell's Gravitas          Tloc           1%         N/A       45%         3
 Lesser Beckoning         Tloc           3%         N/A       45%         3
 Teleport Other           Tloc           3%         N/A       45%         3
 Agony                    Necr           19%        N/A       50%         5


Dungeon Overview and Level Annotations

Branches:
Dungeon (3/15)

Altars:
Dithmenos
Yredelemnul


Innate Abilities, Weirdness & Mutations

You are immune to poison.
Your flesh is cold resistant. (rC+)
You are immune to negative energy. (rN+++)
You are immune to unholy pain and torment.
You are vulnerable to heat. (rF-)
You do not drink.


Message History

Aim: a gnoll, wielding a +0 club (severely wounded, chance to affect: 84%)
The gnoll writhes in agony.
You kill the gnoll!
The gnoll hits you from afar with a +0 spear!
* * * LOW HITPOINT WARNING * * *
Casting: Pain (safe; 1% risk of failure)
Confirm with . or Enter, or press ? or * to list all spells.
There is nothing nearby to animate!
Casting: Animate Skeleton (safe; 1% risk of failure)
Confirm with . or Enter, or press ? or * to list all spells.
Aiming: Pain (safe; 1% risk of failure)
Press: ? - help, Shift-Dir - straight line, f - gnoll
Aim: a gnoll, wielding a +0 spear (chance to affect: 84%)
The gnoll writhes in agony.
The gnoll closely misses you.
Casting: Pain (safe; 1% risk of failure)
Confirm with . or Enter, or press ? or * to list all spells.
Aiming: Pain (safe; 1% risk of failure)
Press: ? - help, Shift-Dir - straight line, f/p - gnoll
Aim: a gnoll, wielding a +0 spear (lightly wounded, chance to affect: 84%)
The gnoll writhes in agony.
The gnoll misses you.
Casting: Pain (safe; 1% risk of failure)
Confirm with . or Enter, or press ? or * to list all spells.
Aiming: Pain (safe; 1% risk of failure)
Press: ? - help, Shift-Dir - straight line, f/p - gnoll
Aim: a gnoll, wielding a +0 spear (heavily wounded, chance to affect: 84%)
The gnoll writhes in agony.
The gnoll hits you from afar with a +0 spear.
* * * LOW HITPOINT WARNING * * *
The gnoll misses you.
The gnoll shouts!
The gnoll hits you with a +0 flail.
* * * LOW HITPOINT WARNING * * *
There is an open door here.
As you read the scroll labelled ZOX SAQYFONI, it crumbles to dust.
It is a scroll of identify.
d - 2 scrolls of fog
As you read the scroll of identify, it crumbles to dust.
e - a scroll of vulnerability The gnoll hits you with a +0 flail!
You die...

####.....# #.# #.#
#.##.#####.#####>##
#..#....Z..#.......
##.#########.######
######.#....# #.#
##^#.##g#.##.# #.#
####..^.##.#.##.####.#
#..'..._##g#.##...<..#
#.##^...##@#.#########
#.###^#.##.#......#
#.# #############.#
#.# ### #.#
###.#####.# #.#
#.†.......# ######.#
#.######### #......#
#.#....# #.######
#.#..#.# ####.#


You could see 2 gnolls.

Vanquished Creatures
  A gnoll (D:3)
  4 adders
  2 dart slugs
  An orc (D:3)
  3 ball pythons
  6 endoplasms
  2 giant cockroaches (D:3)
  3 goblins
  5 hobgoblins
  5 jackals
  3 quokkas
  8 bats
  3 frilled lizards
  7 kobolds
  4 rats
  A spectral orc (D:3)
58 creatures vanquished.

Vanquished Creatures (collateral kills)
  An endoplasm (D:2)
  A hobgoblin (D:1)
  A jackal (D:3)
  A quokka (D:1)
  A kobold (D:2)
5 creatures vanquished.

Grand Total: 63 creatures vanquished

Notes
Turn   | Place    | Note
-------+----------+-------------------------------------------
     0 | D:1      | OfficerJojo the Mummy Necromancer began the quest for the
                  | Orb.
     0 | D:1      | Reached XP level 1. HP: 13/13 MP: 4/4
   214 | D:1      | Learned a level 1 spell: Animate Skeleton
   291 | D:1      | Reached XP level 2. HP: 19/19 MP: 4/6
  1211 | D:2      | Reached XP level 3. HP: 24/24 MP: 4/8
  1656 | D:2      | Learned a level 3 spell: Vampiric Draining
  2764 | D:3      | Reached XP level 4. HP: 18/30 MP: 8/10
  2907 | D:3      | Found a shadowy altar of Dithmenos.
  3220 | D:3      | Reached skill level 5 in Necromancy
  3283 | D:3      | Found a basalt altar of Yredelemnul.
  4015 | D:3      | Slain by a gnoll

Illustrated notes

Levels and vault maps discovered:
D:1:      lightli_iron_boxes, layout_basic, grunt_decor_clamped, st_stairs_14,
          serial_bayou_lagoon_a, columned_hall_lemuel
D:2:      layout_basic
D:3:      layout_basic, yredelemnul_forgotten_temple_becter,
          nicolae_dithmenos_shadow_blocks, portal_sewer_entry_a,
          shapermc_ecumenical_altar_pompeii, minmay_misc_feat_chi

Skill      XL: |  1  2  3  4 |
---------------+-------------+-----
Spellcasting   | 3 4 |  4.7
Necromancy     | 5 |  5.1
Dodging        | |  1.5
Stealth        | |  1.5

Action                   |  1- 3 |  4- 6 || total
-------------------------+-------+-------++-------
Melee: Unarmed           |    16 |    10 ||    26
 Cast: Pain              |    82 |    29 ||   111
       Animate Skeleton  |    14 |     7 ||    21
  Use: Scroll            |       |     2 ||     2
 Stab: Sleeping          |     1 |       ||     1
Armor: Robe              |    19 |     3 ||    22
Dodge: Dodged            |    54 |    10 ||    64

Table legend: (Time is in decaauts)
 A = Elapsed time spent in this place.
 B = Non-inter-level travel time spent in this place.
 C = Inter-level travel time spent in this place.
 D = Time resting spent in this place.
 E = Time spent auto-exploring this place.
 F = Levels seen in this place.
 G = Mean time per level.
                   A        B        C        D        E       F      G
               +--------+--------+--------+--------+--------+-----+--------+
         Total |   4018 |   3905 |    113 |    243 |   3105 |   3 | 1339.3 |
       Dungeon |   4018 |   3905 |    113 |    243 |   3105 |   3 | 1339.3 |
               +--------+--------+--------+--------+--------+-----+--------+

Top non-repeatable levels by time:
     D:2: 1442 daAuts
     D:3: 1432 daAuts
     D:1: 1143 daAuts
